 Dungeon Crawl Stone Soup version 0.30.1-4-g462c640d31 (webtiles) character file.

Game seed: 3298439918456272884

16093 kingsuperguy the Skirmisher (level 12, -4/92 HPs)
             Began as a Gnoll Wanderer on Sept 1, 2023.
             Was a High Priest of Nemelex Xobeh.
             Shot with a bolt by a yaktaur (19 damage)
             ... on level 11 of the Dungeon.
             The game lasted 00:58:29 (16470 turns).

kingsuperguy the Skirmisher (Gnoll Wanderer)       Turns: 16470, Time: 00:58:30

Health: -4/92      AC: 13    Str: 17    XL:     12   Next: 33%
Magic:  23/23      EV: 11    Int: 20    God:    Nemelex Xobeh [*****.]
Gold:   1062       SH:  0    Dex: 18    Spells: 23/25 levels left

rFire   + . .        G - +8 sling "Kodaefy" {heavy, +Blink}
rCold   + + .        (no shield)
rNeg    . . .        l - +1 chain mail "Quyng" {Rampage Slay+3}
rPois   .            (no helmet)
rElec   .            n - scarf {rC+ rF+}
rCorr   .            (no gloves)
SInv    +            c - +0 pair of boots
Will    .....        i - amulet of magic regeneration
Stlth   ++           s - +6 ring of intelligence
HPRegen 0.35/turn    a - ring of Gozag, Forging {rC+ Str+3 Int+4 Dex+2 SInv}
MPRegen 0.58/turn

%: rampage
@: no status effects
A: fangs 1, strong nose, distributed training
a: Renounce Religion, Evoke Blink, Draw Escape, Draw Destruction, Draw
Summoning, Triple Draw, Deal Four, Stack Five


You were on level 11 of the Dungeon.
You worshipped Nemelex Xobeh.
Nemelex Xobeh was extremely pleased with you.
You visited 3 branches of the dungeon, and saw 15 of its levels.
You also visited: Sewer and Bailey.

You collected 1063 gold pieces.
You spent 1 gold pieces at shops.

Inventory:

Hand Weapons
 G - the +8 sling "Kodaefy" (weapon) {heavy, +Blink}
   (You found it on level 4 of the Dungeon)

   +Blink:    It lets you blink.
 O - a +4 trident
 S - a -3 triple crossbow
 Z - a +0 arbalest
Armour
 c - a +0 pair of boots (worn)
 l - the +1 chain mail "Quyng" (worn) {Rampage Slay+3}
   (You found it in a bailey)

   Slay:      It affects your accuracy & damage with ranged weapons and melee
   (+3).
   Rampage:   It bestows one free step when moving towards enemies.
 n - a scarf of resistance (worn)
 y - the +2 leather armour "Guycvyma" {rElec}
   (You found it on level 4 of the Dungeon)

   rElec:     It insulates you from electricity.
 K - a +0 tower shield
 Q - +0 acid dragon scales
Jewellery
 a - the ring of Gozag, Forging (right hand) {rC+ Str+3 Int+4 Dex+2 SInv}
   (You found it in a bailey)

   [ring of protection from cold]

   Str:       It affects your strength (+3).
   Int:       It affects your intelligence (+4).
   Dex:       It affects your dexterity (+2).
   rC:        It protects you from cold.
   SInv:      It lets you see invisible.
 b - a ring of poison resistance
 i - an amulet of magic regeneration (around neck)
 p - a ring of protection from fire
 s - a +6 ring of intelligence (left hand)
 L - a ring of ice
 X - a +6 ring of strength
Wands
 q - a wand of light (7)
 E - a wand of iceblast (1)
 M - a wand of charming (22)
 N - a wand of polymorph (8)
 P - a wand of flame (7)
Scrolls
 f - 4 scrolls of immolation
 h - 6 scrolls of poison
 k - 3 scrolls of blinking
 m - 4 scrolls of enchant armour
 o - 3 scrolls of vulnerability
 r - a scroll of magic mapping
 w - 3 scrolls of noise
 D - 2 scrolls of enchant weapon
 H - 4 scrolls of teleportation
 V - 3 scrolls of amnesia
Potions
 d - 3 potions of brilliance
 e - a potion of invisibility {unknown}
 g - 4 potions of flight
 j - 4 potions of curing
 t - 2 potions of lignification {unknown}
 u - 5 potions of attraction
 v - a potion of berserk rage {unknown}
 x - 6 potions of heal wounds
 z - a potion of cancellation {unknown}
 A - 2 potions of magic {unknown}
 B - 3 potions of mutation {unknown}
 C - 4 potions of haste {unknown}
 I - 2 potions of degeneration {unknown}
 J - 2 potions of might {unknown}
Miscellaneous
 U - a lightning rod (4/4)
 W - a piece from Xom's chessboard (15/15)


   Skills:
 + Level 7.9 Fighting
 + Level 7.4 Short Blades
 + Level 8.8 Long Blades
 + Level 7.4 Axes
 + Level 7.4 Maces & Flails
 + Level 7.4 Polearms
 + Level 7.4 Staves
 + Level 8.8 Ranged Weapons
 + Level 7.4 Throwing
 + Level 7.9 Armour
 + Level 7.9 Dodging
 + Level 8.6 Stealth
 + Level 7.4 Shields
 + Level 7.4 Unarmed Combat
 + Level 7.4 Spellcasting
 + Level 6.2 Conjurations
 + Level 6.2 Hexes
 + Level 6.2 Summonings
 + Level 6.2 Necromancy
 + Level 6.2 Translocations
 + Level 6.2 Transmutations
 + Level 6.2 Fire Magic
 + Level 6.2 Ice Magic
 + Level 6.2 Air Magic
 + Level 6.2 Earth Magic
 + Level 6.2 Poison Magic
 + Level 8.2 Invocations
 + Level 7.9 Evocations


You had 23 spell levels left.
You knew the following spells:

 Your Spells              Type           Power      Damage    Failure   Level
a - Ensorcelled Hibernat  Hex/Ice        64%        N/A       9%          2

Your spell library contained the following spells:

 Spells                   Type           Power      Damage    Failure   Level
 Apportation              Tloc           64%        N/A       5%          1
 Spider Form              Tmut/Pois      32%        N/A       17%         3
 Anguish                  Hex/Necr       16%        N/A       50%         4
 Alistair's Intoxication  Tmut/Pois      21%        N/A       83%         5


Dungeon Overview and Level Annotations

Branches:
Dungeon (11/15)            Temple (0/1) D:4            Lair (3/5) D:8
    Orc (1/2) D:9           Sewer (visited)          Bailey (visited)
  Swamp: Lair:2-3    Shoals: Lair:2-3     Snake: Lair:2-3    Spider: Lair:2-3

Altars:
Kikubaaqudgha
Makhleb
Nemelex Xobeh
Qazlal
Sif Muna
Trog
Uskayaw
Wu Jian
Xom

Shops:
D:8 *   D:11 [   Orc:1 (:(


Innate Abilities, Weirdness & Mutations

You have very sharp teeth.
Your uncanny sense of smell can sniff out nearby items.
Your experience applies equally to all skills.


Message History

A shadow comes into view.
The shadow slips into darkness.
The shadow flickers and vanishes for a moment.
You shoot a sling bullet. The sling bullet hits the shadow!
The shadow is heavily damaged.
You shoot a sling bullet. The sling bullet hits the shadow!
The shadow is severely damaged.
You shoot a sling bullet. The sling bullet hits the shadow!
The shadow is almost destroyed.
The shadow closely misses you. The shadow hits you.
You shoot a sling bullet.
The sling bullet barely misses the shadow.
The shadow hits you. x2
You shoot a sling bullet. The sling bullet hits the shadow!!
You destroy the shadow!
No target in view!
No target in view!
Things that are here:
a +0 rapier; a +0 leather armour; a +0 dagger
C - 4 black potions (gained 2)
You now have 1062 gold pieces (gained 19).
Okay, then.
Okay, then.
The yaktaur shouts!
The yaktaur shoots a bolt.
The bolt barely misses you.
The yaktaur shoots a bolt.
The bolt hits you!
You shoot a sling bullet.
The sling bullet barely misses the yaktaur.
The yaktaur shoots a bolt.
The bolt hits you!!
You shoot a sling bullet. The sling bullet hits the yaktaur.
The yaktaur is lightly wounded.
The yaktaur shoots a bolt.
The bolt hits you!!
You are too injured to fight recklessly!
The yaktaur shoots a bolt.
The bolt hits you!!
* * * LOW HITPOINT WARNING * * *
The yaktaur shoots a bolt.
The bolt closely misses you.
There is a stone staircase leading up here.
The yaktaur shoots a bolt.
The bolt hits you!!
You die...
Your body glows with a rainbow of weird colours and disappears.

... #.............
...######...).....#...
.................##.##
###...................
........).............
.####.#...............
...........<.....##..#
..∩............####.###
......####......@.....#
#>.........#.#.[........
#.......................
..##...###.#.#$...#.....
..##.###........#c#.....
#..... ..###............
......... .........#.##
##...### #####...#...#
..... ..#....


You could see a yaktaur.

Vanquished Creatures
  A two-headed ogre (D:10)
  An orc knight (Bailey)
  A cyclops (D:9)
  3 cane toads
  3 komodo dragons
  A kobold demonologist (D:9)
  A hornet (D:9)
  4 trolls
  Grinder (D:4)
  3 blink frogs (D:8)
  2 shadows
  2 wyverns
  10 yaks
  A steam dragon (D:8)
  A wraith (D:10)
  Eustachio (D:3)
  2 acid dragons
  5 water moccasins
  4 ice beasts
  15 orc warriors
  A sky beast (D:8)
  3 ogres
  4 wolves (Lair:2)
  3 centaurs (D:9)
  A kobold brigand (D:9)
  5 bullfrogs
  3 scorpions
  14 wights (D:8)
  5 killer bees (D:9)
  4 howler monkeys
  4 hounds
  7 jellies
  5 orc priests
  Jessica (D:3)
  3 iguanas
  17 orc wizards
  Natasha (D:2)
  13 adders
  3 gnolls (D:7)
  2 river rats (Sewer)
  A white imp (D:5)
  An ufetubus (D:6)
  A worm (D:4)
  2 dart slugs
  50 orcs
  9 ball pythons
  3 bats
  15 endoplasms
  16 giant cockroaches
  9 goblins
  3 hobgoblins
  7 jackals
  15 kobolds
  6 quokkas
  7 frilled lizards
  4 rats
310 creatures vanquished.

Vanquished Creatures (collateral kills)
  7 yaks
  2 basilisks (D:8)
  2 water moccasins (D:8)
  An ice beast (D:8)
  A kobold brigand (D:8)
  An orc priest (D:10)
  Terence (D:3)
  An orc wizard (D:10)
  2 orcs
  5 kobolds (D:8)
23 creatures vanquished.

Vanquished Creatures (others)
  A troll (D:11)
  A blink frog (D:8)
  A basilisk (D:8)
  An orc warrior (D:8)
  A bullfrog (D:8)
  A howler monkey (D:8)
  An orc wizard (D:8)
  An orc (D:8)
8 creatures vanquished.

Grand Total: 341 creatures vanquished

Notes
Turn   | Place    | Note
-------+----------+-------------------------------------------
     0 | D:1      | kingsuperguy the Gnoll Wanderer began the quest for the
                  | Orb.
     0 | D:1      | kingsuperguy set off with the following items: a +0
                  | shortbow, a +0 falchion, a +0 scale mail, a potion of
                  | brilliance.
     0 | D:1      | Reached XP level 1. HP: 17/17 MP: 1/1
   178 | D:1      | Reached XP level 2. HP: 23/23 MP: 2/2
   863 | D:2      | Found a sparkling altar of Nemelex Xobeh.
   887 | D:2      | Reached XP level 3. HP: 28/28 MP: 2/4
   892 | D:2      | Became a worshipper of Nemelex Xobeh the Trickster
   997 | D:2      | Reached skill level 1 in Invocations
  1114 | D:2      | Reached skill level 1 in Short Blades
  1114 | D:2      | Reached skill level 1 in Axes
  1114 | D:2      | Reached skill level 1 in Maces & Flails
  1114 | D:2      | Reached skill level 1 in Polearms
  1114 | D:2      | Reached skill level 1 in Staves
  1114 | D:2      | Reached skill level 1 in Throwing
  1114 | D:2      | Reached skill level 1 in Shields
  1114 | D:2      | Reached skill level 1 in Unarmed Combat
  1114 | D:2      | Reached skill level 1 in Spellcasting
  1401 | D:2      | Reached XP level 4. HP: 34/34 MP: 5/5
  1545 | D:2      | Noticed Natasha
  1549 | D:2      | Killed Natasha
  1550 | D:2      | Reached skill level 1 in Conjurations
  1550 | D:2      | Reached skill level 1 in Hexes
  1550 | D:2      | Reached skill level 1 in Summonings
  1550 | D:2      | Reached skill level 1 in Necromancy
  1550 | D:2      | Reached skill level 1 in Translocations
  1550 | D:2      | Reached skill level 1 in Transmutations
  1550 | D:2      | Reached skill level 1 in Fire Magic
  1550 | D:2      | Reached skill level 1 in Ice Magic
  1550 | D:2      | Reached skill level 1 in Air Magic
  1550 | D:2      | Reached skill level 1 in Earth Magic
  1550 | D:2      | Reached skill level 1 in Poison Magic
  1656 | D:3      | Reached * piety under Nemelex Xobeh
  1877 | D:3      | Found a hide-covered altar of Uskayaw.
  2025 | D:3      | Reached XP level 5. HP: 40/40 MP: 7/7
  2046 | D:3      | Received a gift from Nemelex Xobeh
  2061 | D:3      | Noticed Terence
  2075 | D:3      | Killed Terence
  2377 | D:3      | Noticed Jessica
  2383 | D:3      | Killed Jessica
  2546 | D:3      | Found a bloodstained altar of Trog.
  2624 | D:4      | Identified the +2 leather armour "Guycvyma" {rElec}
  2653 | D:4      | Found a glowing drain.
  2662 | D:4      | Reached XP level 6. HP: 47/47 MP: 8/8
  2680 | Sewer    | Entered a sewer
  2765 | Sewer    | Reached skill level 5 in Long Blades
  2765 | Sewer    | Reached skill level 5 in Ranged Weapons
  2984 | Sewer    | Found a shimmering altar of Xom.
  3152 | D:4      | Reached XP level 7. HP: 24/52 MP: 10/10
  3288 | D:4      | Noticed Grinder
  3356 | D:4      | Noticed Eustachio
  3611 | D:3      | Killed Eustachio
  3612 | D:3      | Reached skill level 5 in Stealth
  3873 | D:4      | Identified the +8 sling "Kodaefy" {heavy, +Blink}
  3930 | D:4      | Found a staircase to the Ecumenical Temple.
  3980 | D:4      | Paralysed by Grinder for 2 turns
  3983 | D:4      | Paralysed by Grinder for 3 turns
  3988 | D:4      | Killed Grinder
  3989 | D:4      | Reached XP level 8. HP: 54/60 MP: 12/12
  4137 | D:5      | Entered Level 5 of the Dungeon
  4144 | D:5      | Received a gift from Nemelex Xobeh
  4234 | D:5      | Reached ** piety under Nemelex Xobeh
  4496 | D:5      | Found a burning altar of Makhleb.
  5255 | D:6      | Received a gift from Nemelex Xobeh
  5781 | D:6      | Received a gift from Nemelex Xobeh
  5799 | D:7      | Reached XP level 9. HP: 66/66 MP: 14/14
  5951 | D:7      | Reached *** piety under Nemelex Xobeh
  6515 | D:6      | Reached skill level 5 in Fighting
  6515 | D:6      | Reached skill level 5 in Armour
  6515 | D:6      | Reached skill level 5 in Dodging
  6515 | D:6      | Reached skill level 5 in Evocations
  7032 | D:8      | Found a shimmering blue altar of Sif Muna.
  7148 | D:8      | Reached skill level 5 in Invocations
  7669 | D:8      | Reached skill level 5 in Short Blades
  7669 | D:8      | Reached skill level 5 in Axes
  7669 | D:8      | Reached skill level 5 in Maces & Flails
  7669 | D:8      | Reached skill level 5 in Polearms
  7669 | D:8      | Reached skill level 5 in Staves
  7669 | D:8      | Reached skill level 5 in Throwing
  7669 | D:8      | Reached skill level 5 in Shields
  7669 | D:8      | Reached skill level 5 in Unarmed Combat
  7669 | D:8      | Reached skill level 5 in Spellcasting
  7669 | D:8      | Reached XP level 10. HP: 70/76 MP: 17/17
  7717 | D:8      | Received a gift from Nemelex Xobeh
  7785 | D:8      | Found Ikanio Finoj's Lightly-Used Armoury.
  7797 | D:8      | Bought a -3 triple crossbow for 1 gold piece
  7848 | D:8      | Found a staircase to the Lair.
  8339 | D:8      | Found a shimmering altar of Xom.
  8523 | Lair:1   | Entered Level 1 of the Lair of Beasts
  8543 | Lair:1   | Noticed a cane toad
  8553 | Lair:1   | Killed a cane toad
  8554 | Lair:1   | Noticed a cane toad
  8559 | Lair:1   | Killed a cane toad
  8942 | D:9      | Found a stormy altar of Qazlal.
  9032 | D:9      | Reached skill level 5 in Conjurations
  9032 | D:9      | Reached skill level 5 in Hexes
  9032 | D:9      | Reached skill level 5 in Summonings
  9032 | D:9      | Reached skill level 5 in Necromancy
  9032 | D:9      | Reached skill level 5 in Translocations
  9032 | D:9      | Reached skill level 5 in Transmutations
  9032 | D:9      | Reached skill level 5 in Fire Magic
  9032 | D:9      | Reached skill level 5 in Ice Magic
  9032 | D:9      | Reached skill level 5 in Air Magic
  9032 | D:9      | Reached skill level 5 in Earth Magic
  9032 | D:9      | Reached skill level 5 in Poison Magic
  9126 | D:9      | Noticed a kobold demonologist
  9180 | D:9      | Reached XP level 11. HP: 83/83 MP: 20/20
  9206 | D:9      | Noticed a cyclops
  9223 | D:9      | Found an ornate altar of the Wu Jian Council.
  9224 | D:9      | Found a sparkling altar of Nemelex Xobeh.
  9755 | D:9      | Killed a cyclops
 10241 | D:9      | Received a gift from Nemelex Xobeh
 10324 | D:9      | Found a staircase to the Orcish Mines.
 10331 | Orc:1    | Entered Level 1 of the Orcish Mines
 10331 | Orc:1    | Found Coskeb's Weapon Shoppe.
 10789 | Orc:1    | Found Fih Fufu's Book Boutique.
 11491 | Orc:1    | Reached **** piety under Nemelex Xobeh
 11733 | Orc:1    | Found Debypleu's Antique Weapon Shop.
 11873 | Orc:1    | Noticed an orc sorcerer
 11955 | D:10     | Entered Level 10 of the Dungeon
 11955 | D:10     | Noticed a two-headed ogre
 11966 | D:10     | Killed a two-headed ogre
 12205 | D:10     | Found a flagged portal.
 12209 | D:10     | Received a gift from Nemelex Xobeh
 12214 | Bailey   | Entered a bailey
 13139 | Bailey   | Identified the +1 chain mail "Quyng" {Rampage Slay+3}
 13151 | Bailey   | Noticed an orc knight
 13161 | Bailey   | Killed an orc knight
 13170 | Bailey   | Identified the ring of Gozag, Forging {rC+ Str+3 Int+4
                  | Dex+2 SInv}
 13185 | Bailey   | Learned a level 2 spell: Ensorcelled Hibernation
 13344 | D:10     | Received a gift from Nemelex Xobeh
 13731 | D:10     | Found an ancient bone altar of Kikubaaqudgha.
 14097 | D:11     | Found Voluqyr's Antique Armour Shop.
 14097 | D:11     | Reached ***** piety under Nemelex Xobeh
 14208 | D:11     | Noticed a boulder beetle
 14605 | Lair:1   | Reached XP level 12. HP: 45/91 MP: 22/22
 15039 | Lair:1   | Received a gift from Nemelex Xobeh
 16004 | Lair:2   | Received a gift from Nemelex Xobeh
 16256 | Lair:2   | Noticed a skyshark
 16470 | D:11     | Shot with a bolt by a yaktaur

Illustrated notes

Levels and vault maps discovered:
D:1:      dpeg_arrival_simpleton_a, layout_loops_corners, minmay_misc_feat_doors
D:2:      minmay_door_path, layout_basic, basic_altar, uniq_natasha
D:3:      layout_loops_ring, trog_book, nicolae_uskayaw_suspiria, uniq_jessica,
          uniq_terence
D:4:      layout_rooms, minmay_temple_entry_waves, gup_sewer_entry_glass,
          uniq_eustachio, uniq_grinder
D:5:      layout_basic, mainiacjoe_overflow_boulevard
D:6:      layout_basic
D:7:      layout_loops_cross, hangedman_abyss_or_decor_stagger
D:8:      layout_loops_ring, lemuel_blue_sif_altar, xom_confusion_cloud,
          minmay_lair_entry_grove, minmay_shop_damaged
D:9:      layout_basic, overflow_temple_1_default,
          nemelex_xobeh_ov_fountains_minmay, mainiacjoe_overflow_24_doors,
          orc_0_dummy
D:10:     layout_cave_pods, mainiacjoe_overflow_alcove_1, enter_bailey_8
D:11:     layout_rooms, serial_shops, shop, serial_glass, glass_columns_a,
          glass_columns_a, blue_anna_alchemist, uniq_maurice
Lair:1:   layout_hall_layers
Lair:2:   layout_roguey, minmay_shoals_entry_centaurs,
          guppyfry_snake_entry_garden, grunt_forest_small_clearing_treed,
          lemuel_fruit_fields, uniq_prince_ribbit2
Lair:3:   layout_gridlike, st_stairs_8, minmay_holes,
          chequers_serial_rivers_small_a, beast_lair_carwin_9
Orc:1:    layout_caves, serial_shops, shop, nicolae_shop_pleasant_corner_grove,
          shop, nicolae_shop_behind_doors, basic_altar, bh_open_orc_temple,
          uniq_josephine

Skill      XL: |  1  2  3  4  5  6  7  8  9 10 11 12 |
---------------+-------------------------------------+-----
Invocations    | 1 2 3 4 5 6 7 8 |  8.2
Short Blades   | 1 2 3 5 6 7 |  7.4
Axes           | 1 2 3 5 6 7 |  7.4
Maces & Flails | 1 2 3 5 6 7 |  7.4
Polearms       | 1 2 3 5 6 7 |  7.4
Staves         | 1 2 3 5 6 7 |  7.4
Throwing       | 1 2 3 5 6 7 |  7.4
Shields        | 1 2 3 5 6 7 |  7.4
Unarmed Combat | 1 2 3 5 6 7 |  7.4
Spellcasting   | 1 2 3 5 6 7 |  7.4
Conjurations   | 1 2 3 4 5 6 |  6.2
Hexes          | 1 2 3 4 5 6 |  6.2
Summonings     | 1 2 3 4 5 6 |  6.2
Necromancy     | 1 2 3 4 5 6 |  6.2
Translocations | 1 2 3 4 5 6 |  6.2
Transmutations | 1 2 3 4 5 6 |  6.2
Fire Magic     | 1 2 3 4 5 6 |  6.2
Ice Magic      | 1 2 3 4 5 6 |  6.2
Air Magic      | 1 2 3 4 5 6 |  6.2
Earth Magic    | 1 2 3 4 5 6 |  6.2
Poison Magic   | 1 2 3 4 5 6 |  6.2
Fighting       | 3 4 5 6 7 |  7.9
Armour         | 3 4 5 6 7 |  7.9
Dodging        | 3 4 5 6 7 |  7.9
Evocations     | 3 4 5 6 7 |  7.9
Long Blades    | 5 6 7 8 |  8.8
Ranged Weapons | 5 6 7 8 |  8.8
Stealth        | 5 6 7 8 |  8.6

Action                     |  1- 3 |  4- 6 |  7- 9 | 10-12 || total
---------------------------+-------+-------+-------+-------++-------
  Melee: Sling             |       |       |     1 |       ||     1
   Fire: Shortbow          |    77 |   262 |    34 |       ||   373
         Sling             |       |       |   240 |   435 ||   675
   Cast: Ensorcelled Hiber |       |       |       |     2 ||     2
 Invoke: Draw Summoning    |       |     2 |     1 |     5 ||     8
         Draw Destruction  |       |     1 |     4 |    12 ||    17
         Draw Escape       |       |     1 |       |     5 ||     6
         Triple Draw       |       |       |       |     1 ||     1
Ability: Evoke Blink       |       |       |       |     7 ||     7
  Evoke: Wand              |       |       |     2 |    11 ||    13
         Lightning rod     |       |       |       |     1 ||     1
    Use: Scroll            |       |       |       |    17 ||    17
         Potion            |       |       |       |     1 ||     1
 Armour: Scale mail        |    18 |    52 |       |       ||    70
         Leather armour    |       |    29 |    48 |       ||    77
         Acid dragon scale |       |       |     4 |    46 ||    50
         Chain mail        |       |       |       |    41 ||    41
  Dodge: Dodged            |    29 |   127 |   137 |   265 ||   558
